 Dungeon Crawl Stone Soup version 0.29.1-12-g30fa7ad0bf (webtiles) character file.

Game seed: 7512281657091759047

273 MisterFreud the Twirler (level 6, 0/44 HPs)
             Began as a Formicid Gladiator on Dec 15, 2022.
             Slain by a gnoll
             ... wielding a +0 club
              (1 damage)
             ... on level 4 of the Dungeon.
             The game lasted 00:03:21 (2830 turns).

MisterFreud the Twirler (Formicid Gladiator)        Turns: 2830, Time: 00:03:22

Health: 0/44       AC:  4    Str: 21    XL:     6   Next: 48%
Magic:  6/6        EV:  9    Int:  7    God:
Gold:   18         SH: 14    Dex: 15    Spells: 5/5 levels left

rFire   . . .      SeeInvis +   a - +1 quarterstaff (flame)
rCold   . . .      Faith    .   h - +0 tower shield
rNeg    . . .      Spirit   .   b - +0 leather armour
rPois   .          Reflect  .   (helmet unavailable)
rElec   .          Harm     .   (no cloak)
rCorr   .          Rampage  .   k - +0 pair of gloves
Will    .....                   (no boots)
Stlth   +.........              (no amulet)
HPRegen 0.14/turn               (no ring)
MPRegen 0.10/turn               (no ring)

@: no status effects
A: permanent stasis, dig shafts and tunnels, antennae 3, four strong arms
a: Dig, Shaft Self


You were on level 4 of the Dungeon.
You visited 1 branch of the dungeon, and saw 4 of its levels.

You collected 113 gold pieces.
You spent 95 gold pieces at shops.

Inventory:

Hand Weapons
 a - a +1 quarterstaff of flaming (weapon)
Missiles
 c - 3 throwing nets (quivered)
 d - a javelin
 e - 6 poisoned darts
Armour
 b - a +0 leather armour (worn)
 h - a +0 tower shield (worn)
 k - a +0 pair of gloves (worn)
Jewellery
 l - a ring of ice
 m - a ring of ice
Wands
 p - a wand of quicksilver (10)
 r - a wand of digging (5)
Scrolls
 f - 2 scrolls of identify
Potions
 g - a potion of brilliance
 i - 2 potions of magic
 j - 2 potions of curing
 n - 2 potions of mutation {unknown}
 s - a potion of heal wounds


   Skills:
 - Level 2.1 Fighting
 + Level 5.3 Staves
 - Level 2.0 Throwing
 - Level 2.6 Dodging
 + Level 5.2 Shields


You had 5 spell levels left.
You didn't know any spells.
Your spell library contained the following spells:

 Spells                   Type           Power      Damage    Failure   Level
 Conjure Flame            Conj/Fire      0%         6-21      100%        3
 Ignite Poison            Fire/Tmut/Pois 0%         N/A       100%        3
 Sticky Flame             Conj/Fire      0%         2d3       100%        4


Dungeon Overview and Level Annotations

Branches:
Dungeon (4/15)
 Temple: D:4-7

Altars:
Nemelex Xobeh
Trog

Shops:
D:3 !*


Innate Abilities, Weirdness & Mutations

You cannot be hasted, slowed, berserked, paralysed or teleported.
You can dig through walls and to a lower floor.
You have a pair of large antennae on your head. (SInv)
Your four strong arms can wield two-handed weapons with a shield.


Message History

You kill the gnoll!
You block the gnoll's attack. The gnoll hits you with a +0 flail!
You hit the gnoll. You burn the gnoll.
The gnoll is severely wounded.
The gnoll hits you with a +0 flail! You block the gnoll's attack.
You closely miss the gnoll.
The gnoll is severely wounded.
You block the gnoll's attack. The gnoll hits you with a +0 flail.
You block the gnoll's attack.
You are too injured to fight recklessly!
There are monsters nearby!
You are too injured to fight recklessly!
The gnoll attacks as you move away! The gnoll misses you.
Things that are here:
a staff of air; 5 stones The gnoll attacks as you move away!
The gnoll closely misses you. The gnoll attacks as you move away!
You block the gnoll's attack.
You barely miss the gnoll.
The gnoll is severely wounded.
The gnoll barely misses you. You block the gnoll's attack.
You hit the gnoll. You burn the gnoll.
The gnoll is heavily wounded.
The gnoll hits you with a +0 flail. You block the gnoll's attack.
You sock the gnoll! You burn the gnoll.
You kill the gnoll!
The gnoll hits you but does no damage. The gnoll closely misses you.
You block the gnoll's attack.
You barely miss the gnoll. You block the gnoll's attack.
The gnoll hits you with a +0 club.
* * * LOW HITPOINT WARNING * * *
You closely miss the gnoll.
The gnoll is severely wounded.
The gnoll barely misses you. The gnoll hits you with a +0 flail!
* * * LOW HITPOINT WARNING * * *
You barely miss the gnoll.
The gnoll is severely wounded.
The gnoll hits you with a +0 flail.
* * * LOW HITPOINT WARNING * * *
The gnoll hits you with a +0 club.
You die...

##...#..## ...
.......... ...
......).. .....#
......... .....#
##....$.##.....
.......).....# #
#...........#.#
##....#g##...#.#
......g@.......#
........#....#.#
...............#
...............#
[..............#
#.#.#..##..#####
#.#.#..##..#
##.#.#..##..######
#....#...........#


You could see 2 gnolls.

Vanquished Creatures
  A necrophage (D:4)
  An iguana (D:4)
  An orc wizard (D:2)
  2 gnolls (D:4)
  6 adders
  4 worms
  A dart slug (D:1)
  3 orcs
  8 endoplasms
  4 giant cockroaches
  7 hobgoblins
  2 jackals (D:2)
  2 quokkas (D:3)
  5 ball pythons
  7 bats
  3 frilled lizards
  5 goblins
  6 kobolds
  8 rats
76 creatures vanquished.

Notes
Turn   | Place    | Note
-------+----------+-------------------------------------------
     0 | D:1      | MisterFreud the Formicid Gladiator began the quest for the
                  | Orb.
     0 | D:1      | Reached XP level 1. HP: 16/16 MP: 1/1
   291 | D:1      | Reached skill level 1 in Shields
   291 | D:1      | Reached XP level 2. HP: 22/22 MP: 2/2
   567 | D:1      | Reached XP level 3. HP: 27/27 MP: 3/3
   947 | D:2      | Reached XP level 4. HP: 27/33 MP: 4/4
  1256 | D:2      | Found a faded altar of an unknown god.
  1919 | D:3      | Reached XP level 5. HP: 33/38 MP: 5/5
  1995 | D:3      | Found Utzadgh's Assorted Antiques.
  2060 | D:3      | Found Gyakhlixta's Distillery.
  2077 | D:3      | Bought a scroll labelled VEIQIEFIOT for 19 gold pieces
  2077 | D:3      | Bought a gold wand for 76 gold pieces
  2299 | D:3      | Noticed a moth of wrath
  2304 | D:3      | Found a bloodstained altar of Trog.
  2722 | D:3      | Found a sparkling altar of Nemelex Xobeh.
  2762 | D:4      | Reached XP level 6. HP: 40/44 MP: 6/6
  2798 | D:4      | Reached skill level 5 in Staves
  2798 | D:4      | Reached skill level 5 in Shields
  2830 | D:4      | HP: 1/44 [gnoll/+0 flail (3)]
  2830 | D:4      | Slain by a gnoll

Illustrated notes

Levels and vault maps discovered:
D:1:      ncdulo_watergridlock, layout_loops_ring
D:2:      layout_basic, shapermc_ecumenical_altar_acropolis, corner_web_ring,
          serial_bayou_crossing
D:3:      layout_rooms, nemelex_dance_club_becter, tgw_trog, serial_shops,
          nicolae_shop_hallway_plus, nicolae_shop_waterfront
D:4:      layout_basic

Skill      XL: |  1  2  3  4  5  6 |
---------------+-------------------+-----
Shields        | 1 3 4 5 |  5.2
Staves         | 4 5 |  5.3
Fighting       | |  2.1
Throwing       | |  2.0
Dodging        | |  2.6

Action                   |  1- 3 |  4- 6 || total
-------------------------+-------+-------++-------
Melee: Quarterstaff      |    74 |   107 ||   181
  Use: Scroll            |       |    12 ||    12
 Stab: Sleeping          |       |     4 ||     4
Armor: Leather armour    |    20 |    23 ||    43
Dodge: Dodged            |    36 |    23 ||    59
Block: Tower shield      |    52 |    58 ||   110
